 Dungeon Crawl Stone Soup version 0.28-a0-779-g3d1f99b579 (webtiles) character file.

Game seed: 4421261663404506523

1 Rocko1345 the Digger (level 1, 0/15 HPs)
             Began as a Demonspawn Wanderer on Nov 2, 2021.
             Slain by a jackal (2 damage)
             ... on level 1 of the Dungeon.
             The game lasted 00:01:16 (128 turns).

Rocko1345 the Digger (Demonspawn Wanderer)           Turns: 128, Time: 00:01:17

Health: 0/15       AC:  2    Str: 12    XL:     1   Next: 16%
Magic:  0/2        EV: 11    Int: 12    God:
Gold:   0          SH:  0    Dex: 13    Spells: 1/2 levels left

rFire   . . .      SeeInvis .   a - +0 dagger
rCold   . . .      Faith    .   (no shield)
rNeg    . . .      Spirit   .   b - +0 robe
rPois   .          Reflect  .   (no helmet)
rElec   .          Harm     .   (no cloak)
rCorr   .          Rampage  .   (no gloves)
Will    .....                   (no boots)
Stlth   +.........              (no amulet)
HPRegen 0.05/turn               (no ring)
MPRegen 0.08/turn               (no ring)

@: no status effects
A: no striking features
a: no special abilities


You were on level 1 of the Dungeon.
You visited 1 branch of the dungeon, and saw 1 of its levels.

Inventory:

Hand Weapons
 a - a +0 dagger (weapon)
Missiles
 d - 11 stones
Armour
 b - a +0 robe (worn)
Miscellaneous
 c - a piece from Xom's chessboard (14/15)


   Skills:
 + Level 1.0 Fighting
 + Level 1.7 Long Blades
 + Level 1.0 Shields
 + Level 1.0 Spellcasting
 + Level 1.1 Necromancy
 + Level 2.8 Earth Magic
 + Level 1.0 Evocations


You had one spell level left.
You knew the following spells:

 Your Spells              Type           Power      Damage    Failure   Level
a - Sandblast             Erth           14%        2d6       10%         1

Your spell library contained the following spells:

 Spells                   Type           Power      Damage    Failure   Level
 Foxfire                  Conj/Fire      0%         2x1d4     30%         1
 Passwall                 Tmut/Erth      2%         N/A       26%         2
 Stone Arrow              Conj/Erth      6%         3d7       45%         3
 Inner Flame              Hex/Fire       0%         N/A       65%         3
 Petrify                  Tmut/Erth      3%         N/A       86%         4


Dungeon Overview and Level Annotations

Branches:
Dungeon (1/15)

Altars:


Message History

The jackal bites you but does no damage.
The jackal bites you.
You hit the jackal.
The jackal is lightly wounded.
The jackal barely misses you.
You closely miss the jackal.
The jackal is lightly wounded.
The jackal barely misses you. The jackal bites you.
You hit the jackal but do no damage.
The jackal is lightly wounded.
The jackal bites you.
* * * LOW HITPOINT WARNING * * *
The jackal stops to sniff the ground.
The jackal closely misses you.
Casting: Sandblast (safe; 10% risk of failure)
Confirm with . or Enter, or press ? or * to list all spells.
Aiming: Sandblast (safe; 10% risk of failure)
Press: ? - help, Shift-Dir - straight line, f/p - jackal
Aim: a jackal (72% to hit)
The blast of sand hits the jackal.
The jackal is severely wounded.
The jackal bites you but does no damage.
You don't have enough magic to cast this spell.
You closely miss the jackal.
The jackal is severely wounded.
The jackal barely misses you.
You don't have enough magic to cast this spell.
You don't have enough magic to cast this spell.
You hit the jackal.
The jackal is almost dead.
The jackal bites you.
* * * LOW HITPOINT WARNING * * *
You barely miss the jackal.
The jackal is almost dead.
The jackal closely misses you. The jackal barely misses you.
The jackal bites you but does no damage.
You hit the jackal.
You kill the jackal!
The jackal bites you.
You die...

#.. . #.#
..########### #.#
......... $.# #.#
........# #.# #.#
######..###.# #.#
.....#+..##.####.#
#####.#.......rh@#
....##.##..#######
#'##.##.#..#
.≈.##.#.#..#
###.#.#.#..#
#<#.#.#≈#..# .##
#.#)#.r#
...##.#.#..#
####.##.#


You could see a quokka and a jackal.

Vanquished Creatures
  An endoplasm (D:1)
  A jackal (D:1)
2 creatures vanquished.

Notes
Turn   | Place    | Note
-------+----------+-------------------------------------------
     0 | D:1      | Rocko1345 the Demonspawn Wanderer began the quest for the
                  | Orb.
     0 | D:1      | Rocko1345 set off with the following items: a +0 dagger, a
                  | +0 robe, a piece from Xom's chessboard (15/15); and the
                  | following spells available to memorise: Sandblast,
                  | Passwall, Foxfire, Stone Arrow, Inner Flame, Petrify
     0 | D:1      | Reached XP level 1. HP: 15/15 MP: 2/2
     2 | D:1      | Learned a level 1 spell: Sandblast
   128 | D:1      | Slain by a jackal

Illustrated notes

Levels and vault maps discovered:
D:1:      evilmike_arrival_rings, layout_basic

Action                   || total
-------------------------++-------
Melee: Dagger            ||    10
 Cast: Sandblast         ||     5
Evoke: Piece from Xom's  ||     1
Armor: Robe              ||     6
Dodge: Dodged            ||    16

Table legend: (Time is in decaauts)
 A = Elapsed time spent in this place.
 B = Non-inter-level travel time spent in this place.
 C = Inter-level travel time spent in this place.
 D = Time resting spent in this place.
 E = Time spent auto-exploring this place.
 F = Levels seen in this place.
 G = Mean time per level.
                   A        B        C        D        E       F      G
               +--------+--------+--------+--------+--------+-----+--------+
         Total |    127 |    125 |      2 |     22 |     65 |   1 |  127.0 |
       Dungeon |    127 |    125 |      2 |     22 |     65 |   1 |  127.0 |
               +--------+--------+--------+--------+--------+-----+--------+

Top non-repeatable levels by time:
     D:1: 127 daAuts
